 Dungeon Crawl Stone Soup version 0.23.2-33-g5129a83184 (webtiles) character file.

Game seed: 7710639265767459885

73 FishyPogo the Cutter (level 4, -12/30 HPs)
             Began as a Halfling Fighter on July 29, 2019.
             Killed by divine providence
             ... invoked by an orc priest
              (16 damage)
             ... on level 3 of the Dungeon.
             The game lasted 00:06:13 (1629 turns).

FishyPogo the Cutter (Halfling Fighter)             Turns: 1629, Time: 00:06:13

Health: -12/30     AC:  9    Str: 22    XL:     4   Next: 51%
Magic:  4/4        EV: 11    Int:  6    God:
Gold:   83         SH: 10    Dex: 14    Spells: 3/3 levels left

rFire    . . .     SeeInvis .   a - +0 rapier
rCold    . . .     Gourm    .   c - +0 shield
rNeg     . . .     Faith    .   i - +0 ring mail
rPois    .         Spirit   .   (no helmet)
rElec    .         Reflect  .   (no cloak)
rCorr    +         Harm     .   (no gloves)
MR       .....                  p - +2 pair of boots
Stlth    +.........             (no amulet)
HPRegen  0.10/turn              e - ring of resist corrosion
MPRegen  0.09/turn              g - +1 ring of protection

@: mighty
A: small, mutation resistance 1
a: no special abilities


You were on level 3 of the Dungeon.
You were not hungry.

You visited 1 branch of the dungeon, and saw 3 of its levels.

You collected 83 gold pieces.

Inventory:

Hand Weapons
 a - a +0 rapier (weapon)
Armour
 b - a +0 scale mail
 c - a +0 shield (worn)
 i - a +0 ring mail (worn)
 p - a +2 pair of boots (worn)
Jewellery
 e - a ring of resist corrosion (left hand)
 g - a +1 ring of protection (right hand)
Scrolls
 h - 2 scrolls of identify {unknown}
 j - a scroll of remove curse {unknown}
 o - a scroll of amnesia {unknown}
 q - 2 scrolls of enchant weapon {unknown}
 r - a scroll of fear {unknown}
Potions
 k - 2 potions of berserk rage {unknown}
 l - 3 potions of curing {unknown}
 m - a potion of brilliance {unknown}
Comestibles
 f - 6 rations
 n - 7 chunks of flesh


   Skills:
 + Level 2.8 Fighting
 * Level 3.8 Short Blades
 + Level 3.5 Armour
 * Level 1.2 Dodging
 * Level 1.3 Stealth
 + Level 3.7 Shields


You had 3 spell levels left.
You didn't know any spells.
Your spell library was empty.

Dungeon Overview and Level Annotations

Branches:
Dungeon (3/15)

Altars:


Innate Abilities, Weirdness & Mutations

You are small and have problems with some larger weapons.
You are somewhat resistant to further mutation.


Message History

Some of the chunks of flesh in your inventory have rotted away.
You feel very mighty all of a sudden. You block the orc's attack.
You hit the orc.
The orc is heavily wounded.
The orc misses you.
You puncture the orc!
You kill the orc!
You puncture the orc priest!
The orc priest is heavily wounded.
You block the orc priest's attack.
You hit the orc priest.
The orc priest is heavily wounded.
The orc priest hits you but does no damage.
You hit the orc priest.
The orc priest is severely wounded.
The orc priest mumbles some strange prayers to Beogh against you.
Beogh smites you!
Ouch! That really hurt!
You die...

#........ #......# #
#......#. .. ####........ .#
.............. ..
##.######.... ##.# ##.####
... ####...#.##
......#####.######o.........
...รท............@ooo#=....##
##)###.####.######oo#######
.............# #..#
...####......#####o.#
.........#........o.#
................###.#
...................o######
............###............
............# #.......#....


You could see an orc priest and 5 orcs.

Vanquished Creatures
  3 adders
  2 oozes (D:3)
  A worm (D:2)
  2 leopard geckos
  An orc (D:3)
  2 giant cockroaches (D:3)
  4 hobgoblins
  4 kobolds
  5 bats
  A frilled lizard (D:2)
  5 goblins
  4 rats
34 creatures vanquished.

Notes
Turn   | Place    | Note
-------+----------+-------------------------------------------
     0 | D:1      | FishyPogo the Halfling Fighter began the quest for the Orb.
     0 | D:1      | Reached XP level 1. HP: 15/15 MP: 1/1
   256 | D:1      | Reached XP level 2. HP: 20/20 MP: 2/2
   919 | D:2      | Reached XP level 3. HP: 16/25 MP: 3/3
  1362 | D:3      | Reached skill level 1 in Stealth
  1388 | D:3      | Reached skill level 1 in Dodging
  1546 | D:3      | Reached XP level 4. HP: 30/30 MP: 4/4
  1629 | D:3      | Killed from afar by an orc priest

Skill      XL: |  1  2  3 |
---------------+----------+-----
Short Blades   | 3 |  3.8
Stealth        | 1 |  1.3
Dodging        | 1 |  1.2
Fighting       | |  2.8
Armour         | |  3.5
Shields        | |  3.7

Action                   |  1- 3 |  4- 6 || total
-------------------------+-------+-------++-------
Melee: Rapier            |    93 |    21 ||   114
  Use: Potion            |       |     1 ||     1
  Eat: Chunk             |     2 |       ||     2
Armor: Scale mail        |     3 |       ||     3
       Ring mail         |    22 |     7 ||    29
Dodge: Dodged            |    31 |     7 ||    38
Block: Shield            |    38 |    11 ||    49
